 Dungeon Crawl Stone Soup version 0.30-b1-2-g02819fbbbe (webtiles) character file.

Game seed: 17940769927903560585

805 Deral222 the Cleaver (level 7, -11/60 HPs)
             Began as a Minotaur Berserker on Oct 11, 2023.
             Was a Priest of Trog.
             Mangled by Prince Ribbit (14 damage)
             ... on level 5 of the Dungeon.
             The game lasted 00:33:46 (5516 turns).

Deral222 the Cleaver (Minotaur Berserker)           Turns: 5516, Time: 00:33:46

Health: -11/60     AC: 10    Str: 23    XL:     7   Next: 60%
Magic:  6/6        EV:  9    Int: 10    God:    Trog [***...]
Gold:   250        SH:  0    Dex: 10    Spells: 6/6 levels left

rFire   . . .        x - +2 flail (holy)
rCold   + . .        (no shield)
rNeg    . . .        j - +0 chain mail
rPois   .            (helmet restricted)
rElec   .            (no cloak)
rCorr   .            (no gloves)
SInv    .            e - +0 pair of boots
Will    ++...        (no amulet) Stlth
                     i - ring of protection from cold
HPRegen 1.30/turn    t - +6 ring of intelligence
MPRegen 0.10/turn

%: no passive effects
@: strong-willed, on berserk cooldown, regenerating, slowed, very slow
A: horns 2, retaliatory headbutt
a: Renounce Religion, Berserk, Trog's Hand


You were on level 5 of the Dungeon.
You worshipped Trog.
Trog was most pleased with you.
You visited 1 branch of the dungeon, and saw 5 of its levels.

You collected 250 gold pieces.

Inventory:

Hand Weapons
 q - a +0 flail
 s - a +0 hand axe of electrocution
 w - a +0 whip of draining
 x - a +2 flail of holy wrath (weapon)
Missiles
 g - 43 stones (quivered)
 h - a throwing net
 r - 12 poisoned darts
Armour
 e - a +0 pair of boots (worn)
 j - a +0 chain mail (worn)
Jewellery
 b - an amulet of magic regeneration
 i - a ring of protection from cold (left hand)
 t - a +6 ring of intelligence (right hand)
Wands
 y - a wand of iceblast (10)
Scrolls
 d - a scroll of immolation
 f - a scroll of noise {unknown}
 m - a scroll of blinking
Potions
 c - a potion of flight
 l - a potion of attraction {unknown}
 n - a potion of haste {unknown}
 o - 3 potions of brilliance {unknown}
 p - a potion of might {unknown}
 u - a potion of lignification {unknown}


   Skills:
 + Level 4.4 Fighting
 + Level 10.1(10.2) Axes
 - Level 1.7(6.6) Maces & Flails
 + Level 3.2 Armour
 - Level 2.3 Dodging


You had 6 spell levels left.
You didn't know any spells.
Your spell library was empty.

Dungeon Overview and Level Annotations

Branches:
Dungeon (5/15)             Temple (0/1) D:4

Altars:
Cheibriados
Okawaru
Wu Jian

Annotations:
D:5 Prince Ribbit


Innate Abilities, Weirdness & Mutations

You have a pair of horns on your head.
You reflexively headbutt those who attack you in melee.


Message History

Prince Ribbit hits you.
* * * LOW HITPOINT WARNING * * *
Prince Ribbit lets out a mournful croak.
Prince Ribbit hits you!
* * * LOW HITPOINT WARNING * * *
Prince Ribbit blinks!
Prince Ribbit blinks!
Your skin crawls.
You feel strong-willed.
Prince Ribbit blinks!
Prince Ribbit blinks!
Prince Ribbit barely misses you.
Items here: )) [ †.
Prince Ribbit hits you but does no damage.
Prince Ribbit lets out a mournful croak.
Prince Ribbit hits you but does no damage.
You miss Prince Ribbit.
Prince Ribbit is almost dead.
Prince Ribbit hits you but does no damage.
Prince Ribbit blinks!
Prince Ribbit enters a dispersal trap!
You blink.
Items here: )) [ †.
Prince Ribbit croaks regally.
Prince Ribbit blinks!
Things that are here:
a +2 spear of venom; a gnoll corpse Prince Ribbit hits you.
Prince Ribbit hits you but does no damage.
Prince Ribbit hits you.
Prince Ribbit hits you but does no damage.
You miss Prince Ribbit.
Prince Ribbit is severely wounded.
Prince Ribbit hits you.
* * * LOW HITPOINT WARNING * * *
Prince Ribbit hits you!
* * * LOW HITPOINT WARNING * * *
Prince Ribbit hits you!
* * * LOW HITPOINT WARNING * * *
Prince Ribbit hits you!
You die...

#...# ####### #...#
#######.. ......# #...#
#.......#
.####.###...###.#### ..
.#.................# .# ###
...................# .# ...
.##................# [#..#
###...###...###F##)##>#..#.#
##..#.# #...# #.@).)..^....
#...#.# #...# ####)##..#...
.....## #...# #...$## ..[.#
#...# ####..# #...# .#.#
.### .# .. ##


You could see Prince Ribbit.

Vanquished Creatures
  A kobold brigand (D:3)
  A scorpion (D:5)
  A howler monkey (D:3)
  2 hounds
  An iron imp (D:3)
  4 gnoll boudas
  3 iguanas (D:5)
  A sleepcap (D:5)
  16 gnolls
  5 adders
  2 worms (D:2)
  25 orcs
  7 ball pythons
  9 endoplasms
  3 giant cockroaches
  4 goblins
  4 hobgoblins
  16 jackals
  7 kobolds
  2 quokkas
  3 bats
  2 frilled lizards
  6 rats
125 creatures vanquished.

Vanquished Creatures (others)
  A fungus (D:3)
  3 plants (D:3)
4 creatures vanquished.

Grand Total: 129 creatures vanquished

Notes
Turn   | Place    | Note
-------+----------+-------------------------------------------
     0 | D:1      | Deral222 the Minotaur Berserker began the quest for the
                  | Orb.
     0 | D:1      | Reached XP level 1. HP: 19/19 MP: 0/0
  1224 | D:1      | Reached skill level 4 in Axes
  1224 | D:1      | Reached XP level 2. HP: 27/27 MP: 1/1
  1857 | D:2      | Reached XP level 3. HP: 33/33 MP: 2/2
  2006 | D:2      | You fall into a shaft and drop 1 floor!
  2465 | D:2      | Reached skill level 5 in Axes
  2857 | D:3      | Reached XP level 4. HP: 24/40 MP: 3/3
  2904 | D:3      | Reached ** piety under Trog
  2936 | D:3      | Reached skill level 6 in Axes
  3032 | D:3      | Reached skill level 7 in Axes
  3032 | D:3      | Reached XP level 5. HP: 37/46 MP: 4/4
  3344 | D:3      | Found an ornate altar of the Wu Jian Council.
  3951 | D:3      | Found a snail-covered altar of Cheibriados.
  3959 | D:3      | Reached skill level 8 in Axes
  3959 | D:3      | Reached XP level 6. HP: 49/52 MP: 5/5
  4061 | D:3      | Reached skill level 1 in Maces & Flails
  4069 | D:3      | Reached *** piety under Trog
  4296 | D:3      | Reached skill level 9 in Axes
  4350 | D:3      | Reached XP level 7. HP: 39/58 MP: 6/6
  4642 | D:4      | Found an iron altar of Okawaru.
  4993 | D:4      | Found a staircase to the Ecumenical Temple.
  5320 | D:5      | Entered Level 5 of the Dungeon
  5458 | D:5      | Noticed Prince Ribbit
  5474 | D:5      | Reached skill level 10 in Axes
  5516 | D:5      | HP: 3/60 [Prince Ribbit (7)]
  5516 | D:5      | Mangled by Prince Ribbit

Illustrated notes

Levels and vault maps discovered:
D:1:      dpeg_arrival_round_a, layout_basic
D:2:      layout_rooms
D:3:      lemuel_castle_with_subvaults [lemuel_castle_interior_carwin_3],
          layout_loops_cross, slow_altar_2, nicolae_wu_jian_wuxing_cycle
D:4:      layout_loops_ring, old_standard_altar, temple_green,
          chequers_decorated_corner, dreamdust_princess_bridge
D:5:      layout_loops_cross, amcnicky_altar_gilded,
          nicolae_overflow_hidden_temple, moated_statue, minivault_19,
          uniq_crazy_yiuf_cottage, uniq_prince_ribbit1

Skill      XL: |  1  2  3  4  5  6  7 |
---------------+----------------------+-----
Axes           | 4 5 7 8 9 10 | 10.1
Maces & Flails | 1 |  1.7
Fighting       | 4 |  4.4
Armour         | 3 |  3.2
Dodging        | |  2.3

Action                     |  1- 3 |  4- 6 |  7- 9 || total
---------------------------+-------+-------+-------++-------
  Melee: Hand axe          |    76 |   153 |    15 ||   244
         Headbutt          |     9 |    33 |    19 ||    61
         Punch             |       |     3 |     3 ||     6
         Flail             |       |    20 |    61 ||    81
  Throw: Stone             |       |     2 |       ||     2
 Invoke: Berserk           |       |     1 |     2 ||     3
         Trog's Hand       |       |       |     2 ||     2
    Use: Scroll            |       |       |     7 ||     7
         Potion            |       |       |     1 ||     1
 Armour: Ring mail         |    10 |       |       ||    10
         Robe              |     1 |       |       ||     1
         Leather armour    |     1 |       |       ||     1
         Chain mail        |    20 |    78 |    36 ||   134
  Dodge: Dodged            |    39 |    65 |    37 ||   141
